 Dungeon Crawl Stone Soup version 0.29-a0-8-g0446c0dae4 (webtiles) character file.

Game seed: 8958637347376444634

0 HallandMoats the Ruffian (level 1, 0/19 HPs)
             Began as a Ghoul Monk on Jan 27, 2022.
             Slain by a bat (1 damage)
             ... on level 1 of the Dungeon.
             The game lasted 00:00:12 (32 turns).

HallandMoats the Ruffian (Ghoul Monk)                 Turns: 32, Time: 00:00:12

Health: 0/19       AC:  2    Str: 14    XL:     1   Next: 0%
Magic:  0/0        EV: 12    Int:  5    God:
Gold:   10         SH:  0    Dex: 11    Spells: 0/0 levels left

rFire   . . .      SeeInvis .     - Unarmed
rCold   + . .      Faith    .   (no shield)
rNeg    + + +      Spirit   .   a - +0 robe
rPois   ∞          Reflect  .   (no helmet)
rElec   .          Harm     .   (no cloak)
rCorr   .          Rampage  .   (no gloves)
Will    .....                   (no boots)
Stlth   ++........              (no amulet)
HPRegen 0.00/turn               (no ring)
MPRegen 0.07/turn               (no ring)

@: inhibited regen
A: claws 1, cold resistance 1, negative energy resistance 3, inhibited
regeneration, torment resistance 2
a: no special abilities


You were on level 1 of the Dungeon.
You visited 1 branch of the dungeon, and saw 1 of its levels.

You collected 10 gold pieces.

Inventory:

Armour
 a - a +0 robe (worn)


   Skills:
 * Level 3.2 Fighting
 + Level 0.0 Armour
 + Level 2.6 Dodging
 - Level 2.1 Stealth
 * Level 3.2 Unarmed Combat


You couldn't memorise any spells.
You didn't know any spells.
Your spell library was empty.

Dungeon Overview and Level Annotations

Branches:
Dungeon (1/15)

Altars:


Innate Abilities, Weirdness & Mutations

You thrive by killing the living.
You are immune to poison.
You have sharp fingernails.
Your flesh is cold resistant. (rC+)
You are immune to negative energy. (rN+++)
You do not regenerate when monsters are visible.
You are immune to unholy pain and torment.


Message History

A bat comes into view.
The dart slug launches a dart at you. The slug dart hits you.
The dart slug launches a dart at you. The slug dart hits you.
You scratch the dart slug.
The dart slug is lightly wounded.
You scratch the dart slug.
The dart slug is moderately wounded.
The dart slug launches a dart at you. The slug dart hits you.
The bat barely misses you.
You scratch the dart slug.
The dart slug is severely wounded.
The bat closely misses you. The kobold barely misses you.
The dart slug launches a dart at you. The slug dart hits you.
You are too injured to fight recklessly!
You are too injured to fight recklessly!
You are too injured to fight recklessly!
You are too injured to fight recklessly!
You are too injured to fight recklessly!
You are too injured to fight recklessly!
You are too injured to fight recklessly!
You are too injured to fight recklessly!
You are too injured to fight recklessly!
You are too injured to fight recklessly!
You are too injured to fight recklessly!
You are too injured to fight recklessly!
Found a bubbling white potion.
The bat barely misses you.
A kobold comes into view. It is wielding a +0 dagger.
The kobold hits you with a +1 short sword of distortion.
* * * LOW HITPOINT WARNING * * *
Space warps around you.
* * * LOW HITPOINT WARNING * * *
The bat hits you.
* * * LOW HITPOINT WARNING * * *
You claw the kobold!
You kill the kobold!
The bat hits you but does no damage. The bat hits you.
You die...

..............#
..............#
!K............##
#..........^..
#...........##
##.##.........
#..#.#######.
#....#.....#
#(...b@....#
#..#####...#
#..#..>#...#
##.#.#.....# #
#.#####.#
#.....#.#
#...#<..#
#...#####
#..........


You could see a bat.

Vanquished Creatures
  A kobold (D:1)
1 creature vanquished.

Notes
Turn   | Place    | Note
-------+----------+-------------------------------------------
     0 | D:1      | HallandMoats the Ghoul Monk began the quest for the Orb.
     0 | D:1      | Reached XP level 1. HP: 19/19 MP: 0/0
    32 | D:1      | Slain by a bat

Illustrated notes

Levels and vault maps discovered:
D:1:      ebering_trefoil_twist, layout_basic, minmay_misc_feat_four_crosses,
          minmay_misc_feat_columns

Action                   || total
-------------------------++-------
Melee: Unarmed           ||     4
Armor: Robe              ||     1
Dodge: Dodged            ||     4

Table legend: (Time is in decaauts)
 A = Elapsed time spent in this place.
 B = Non-inter-level travel time spent in this place.
 C = Inter-level travel time spent in this place.
 D = Time resting spent in this place.
 E = Time spent auto-exploring this place.
 F = Levels seen in this place.
 G = Mean time per level.
                   A        B        C        D        E       F      G
               +--------+--------+--------+--------+--------+-----+--------+
         Total |     31 |     31 |      0 |      0 |     16 |   1 |   31.0 |
       Dungeon |     31 |     31 |      0 |      0 |     16 |   1 |   31.0 |
               +--------+--------+--------+--------+--------+-----+--------+

Top non-repeatable levels by time:
     D:1: 31 daAuts
